 Dungeon Crawl Stone Soup version 0.30.1-9-gdf580d7c3d (webtiles) character file.

Game seed: 1737905584918365524

3152 lonewolfV2 the Ducker (level 9, 0/72 HPs)
             Began as a Demonspawn Fighter on Oct 25, 2023.
             Was a Follower of Qazlal.
             Slain by a very large slime creature (30 damage)
             ... on level 8 of the Dungeon.
             The game lasted 00:14:35 (9140 turns).

lonewolfV2 the Ducker (Demonspawn Fighter)          Turns: 9140, Time: 00:14:35

Health: 0/72       AC: 20    Str: 21    XL:     9   Next: 62%
Magic:  11/11      EV: 14    Int:  9    God:    Qazlal [*.....]
Gold:   619        SH:  8    Dex: 18    Spells: 8/8 levels left

rFire   . . .        a - +0 war axe
rCold   . . .        c - +0 buckler
rNeg    . . .        p - +0 plate armour
rPois   .            (no helmet)
rElec   .            (no cloak)
rCorr   .            (no gloves)
SInv    .            j - +0 pair of boots
Will    .....        f - amulet of the acrobat Stlth
                     e - +4 ring of protection
HPRegen 0.32/turn    w - ring "Renunec" {EV+5 Dex+5}
MPRegen 0.24/turn

%: acrobat
@: mighty
A: rugged brown scales 2, magic regeneration, weakness stinger 2, sense
surroundings 1, evolution 1
a: Renounce Religion


You were on level 8 of the Dungeon.
You worshipped Qazlal.
Qazlal was aware of your devotion.
You visited 2 branches of the dungeon, and saw 9 of its levels.

You collected 619 gold pieces.

Inventory:

Hand Weapons
 a - a +0 war axe (weapon)
Missiles
 C - a throwing net (quivered)
Armour
 c - a +0 buckler (worn)
 j - a +0 pair of boots (worn)
 p - a +0 plate armour (worn)
Jewellery
 e - a +4 ring of protection (left hand)
 f - an amulet of the acrobat (around neck)
 k - a ring of willpower
 m - a ring of poison resistance
 r - a +5 ring of evasion
 s - a ring of positive energy
 w - the ring "Renunec" (right hand) {EV+5 Dex+5}
   (You found it on level 5 of the Dungeon)

   [ring of evasion]

   EV:        It affects your evasion (+5).
   Dex:       It affects your dexterity (+5).
Wands
 q - a wand of paralysis (11)
Scrolls
 v - a scroll of identify
 y - 2 scrolls of enchant weapon {unknown}
 z - a scroll of noise {unknown}
 A - 3 scrolls of teleportation {unknown}
 B - a scroll of poison {unknown}
 D - a scroll of blinking {unknown}
Potions
 b - 3 potions of brilliance {unknown}
 d - 2 potions of might
 g - 2 potions of berserk rage
 h - a potion of degeneration
 i - a potion of heal wounds {unknown}
 l - 2 potions of lignification
 n - 2 potions of curing
 o - 3 potions of flight
 t - a potion of cancellation {unknown}
 u - 3 potions of haste {unknown}
 x - 4 potions of attraction {unknown}


   Skills:
 - Level 5.7 Fighting
 - Level 1.7 Axes
 + Level 7.0 Armour
 + Level 7.1 Dodging
 - Level 6.2 Shields
 + Level 3.9 Invocations


You had 8 spell levels left.
You didn't know any spells.
Your spell library contained the following spells:

 Spells                   Type           Power      Damage    Failure   Level
 Apportation              Tloc           0%         N/A       100%        1
 Necrotise                Necr           0%         1d4       100%        1
 Sting                    Tmut/Pois      0%         1d3       100%        1
 Summon Small Mammal      Summ           0%         N/A       100%        1
 Poisonous Vapours        Pois/Air       0%         N/A       100%        2
 Inner Flame              Hex/Fire       0%         N/A       100%        3
 Olgreb's Toxic Radiance  Pois           0%         N/A       100%        4
 Yara's Violent Unravell  Hex/Tmut       0%         3d3       100%        5
 Enfeeble                 Hex            0%         N/A       100%        7


Dungeon Overview and Level Annotations

Branches:
Dungeon (8/15)             Temple (1/1) D:4
   Lair: D:8-11

Altars:
Ashenzari
Cheibriados
Fedhas
Gozag
Hepliaklqana
Kikubaaqudgha
Makhleb
Nemelex Xobeh
Okawaru
Qazlal
Ru
Sif Muna
Trog
Uskayaw
Vehumet
Xom
Yredelemnul

Shops:
D:4 !=(*   D:7 (


Innate Abilities, Weirdness & Mutations

You are mostly covered in rugged brown scales. (AC +2, +5% HP)
You regenerate magic rapidly.
You have a tail ending in a sharp stinger.
You passively map a small area around you.
You have hidden genetic potential.


Message History

You slash the slime creature!
The slime creature is lightly wounded.
The slime creature hits you but does no damage.
The slime creature misses you.
The large slime creature quivers.
You slash the slime creature!
The slime creature is moderately wounded.
You block the slime creature's attack.
You hit the slime creature. You tail-slap the slime creature.
The slime creature is moderately wounded.
The slime creature barely misses you.
You barely miss the slime creature. You tail-slap the slime creature.
The slime creature is heavily wounded.
You block the slime creature's attack.
The slime creature hits you but does no damage.
You completely miss the slime creature.
The slime creature is moderately wounded.
The slime creature hits you but does no damage.
You hit the slime creature but do no damage.
The slime creature is moderately wounded.
The slime creature barely misses you. The slime creature closely misses you.
You barely miss the slime creature.
The slime creature is moderately wounded.
The slime creature hits you!
You feel very mighty all of a sudden.
Two slime creatures merge to form a very large slime creature.
You hit the very large slime creature.
The very large slime creature is lightly wounded.
The very large slime creature hits you!
You slash the very large slime creature!
You tail-slap the very large slime creature.
The very large slime creature is moderately wounded.
You block the very large slime creature's attack.
You barely miss the very large slime creature.
The very large slime creature is moderately wounded.
You block the very large slime creature's attack.
You slash the very large slime creature!
The very large slime creature is moderately wounded.
The very large slime creature hits you!! x2
You die...

##.))).###.##.....#
#.......##.##.#...#
* ,
#.......##.##.#...#
,* #.......##.
#.....# ,
#.......#* ,..#....
* , ####....#* * ,
*##..'....#
#.######## , ,*,
*##.@JJJ.## * ,
#######.# , , ,
JPJJ..J..# * *
.P.P.....# *
*...J..J..#* , *
.P.P÷...÷# ,* , *,
.JJ.J.JP.# , ,
$..÷..J..# , ,
########## ,


You could see a very large slime creature, a jelly and an endoplasm.

Vanquished Creatures
  The ghost of kaesle the Trooper, a novice HOFi of Yredelemnul (D:5)
  A hornet (D:7)
  Sigmund (D:4)
  A wyvern (D:7)
  A wraith (D:5)
  Duvessa (D:5)
  3 black bears
  An ogre (D:6)
  A centaur (D:5)
  3 bullfrogs
  4 kobold brigands
  2 scorpions (D:5)
  Dowan (D:5)
  6 killer bees (D:8)
  A howler monkey (D:5)
  3 hounds
  2 orc priests (D:7)
  2 jellies (D:5)
  3 iguanas
  A sleepcap (D:5)
  Natasha (D:3)
  An orc wizard (D:7)
  9 adders
  A shadow imp (D:5)
  3 white imps
  An ufetubus (D:4)
  3 worms
  2 dart slugs (D:4)
  13 orcs
  5 ball pythons
  4 endoplasms
  A giant cockroach (D:4)
  8 goblins
  9 hobgoblins
  7 jackals
  A quokka (D:2)
  5 bats
  7 frilled lizards
  17 kobolds
  2 rats (D:1)
139 creatures vanquished.

Notes
Turn   | Place    | Note
-------+----------+-------------------------------------------
     0 | D:1      | lonewolfV2 the Demonspawn Fighter began the quest for the
                  | Orb.
     0 | D:1      | Reached XP level 1. HP: 18/18 MP: 1/1
   158 | D:1      | Reached skill level 1 in Dodging
   158 | D:1      | Gained mutation: You have a small tail. [demonic ancestry]
   158 | D:1      | Reached XP level 2. HP: 23/24 MP: 2/2
   316 | D:1      | You fall into a shaft and drop 1 floor!
   659 | D:1      | Reached XP level 3. HP: 14/29 MP: 3/3
  2054 | D:3      | Gained mutation: You possess an exceptional clarity of
                  | mind. [potion of mutation]
  2054 | D:3      | Gained mutation: Your natural rate of healing is unusually
                  | fast. [potion of mutation]
  2055 | D:3      | Lost mutation: You possess an exceptional clarity of mind.
                  | [potion of mutation]
  2055 | D:3      | Lost mutation: Your natural rate of healing is unusually
                  | fast. [potion of mutation]
  2055 | D:3      | Gained mutation: You are weak. (Str -2) [potion of
                  | mutation]
  2055 | D:3      | Gained mutation: You have a pair of small antennae on your
                  | head. [potion of mutation]
  2056 | D:3      | Lost mutation: You are weak. (Str -2) [potion of mutation]
  2056 | D:3      | Lost mutation: You have a pair of small antennae on your
                  | head. [potion of mutation]
  2056 | D:3      | Gained mutation: You are agile. (Dex +4, Str/Int -1)
                  | [potion of mutation]
  2056 | D:3      | Gained mutation: You have supernaturally acute eyesight.
                  | (SInv) [potion of mutation]
  2056 | D:3      | Gained mutation: You possess an exceptional clarity of
                  | mind. [potion of mutation]
  2177 | D:3      | Gained mutation: You have a tail ending in a sharp stinger.
                  | [demonic ancestry]
  2177 | D:3      | Reached XP level 4. HP: 33/35 MP: 4/4
  2214 | D:3      | Found a faded altar of an unknown god.
  2571 | D:3      | Noticed Natasha
  2580 | D:3      | Killed Natasha
  2669 | D:4      | Found Buowk's Overcharged Wands.
  2709 | D:4      | Identified the +1 dagger of the Shark {freeze, rC- rN+++
                  | Will+++ Str-4}
  2724 | D:4      | Noticed Sigmund
  2735 | D:4      | Killed Sigmund
  2736 | D:4      | Reached XP level 5. HP: 41/41 MP: 5/5
  2736 | D:4      | Gained mutation: You are partially covered in rugged brown
                  | scales. (AC +1, +3% HP) [demonic ancestry]
  2736 | D:4      | Reached XP level 6. HP: 41/48 MP: 6/6
  2798 | D:4      | Found Neefe's Jewellery Shop.
  2799 | D:4      | Found Eckiss's Weapon Shop.
  2800 | D:4      | Found Uniratt's Distillery.
  2828 | D:4      | Found a staircase to the Ecumenical Temple.
  2855 | Temple   | Entered the Ecumenical Temple
  3993 | D:4      | Found a sacrificial altar of Ru.
  4082 | D:4      | Found a stormy altar of Qazlal.
  4168 | D:4      | Became a worshipper of Qazlal Stormbringer
  4568 | D:5      | Entered Level 5 of the Dungeon
  4613 | D:5      | Reached XP level 7. HP: 46/53 MP: 7/7
  4801 | D:5      | Found a runed translucent door.
  4854 | D:5      | Noticed kaesle's ghost (novice HOFi)
  4856 | D:5      | Noticed a wraith
  4918 | D:5      | Noticed Dowan
  4920 | D:5      | Noticed Duvessa
  4934 | D:5      | Killed Duvessa
  4935 | D:5      | Reached skill level 5 in Dodging
  4936 | D:5      | Killed Dowan
  5407 | D:5      | Reached skill level 5 in Armour
  5407 | D:5      | Gained mutation: You are mostly covered in rugged brown
                  | scales. (AC +2, +5% HP) [demonic ancestry]
  5407 | D:5      | Reached XP level 8. HP: 40/63 MP: 8/8
  5552 | D:5      | Found an ancient bone altar of Kikubaaqudgha.
  5628 | D:5      | Reached skill level 5 in Shields
  5745 | D:5      | Killed kaesle's ghost
  5746 | D:5      | Reached skill level 5 in Fighting
  5886 | D:5      | Identified the ring "Renunec" {EV+5 Dex+5}
  6742 | D:6      | Gained mutation: You regenerate magic rapidly. [demonic
                  | ancestry]
  6742 | D:6      | Reached XP level 9. HP: 56/71 MP: 9/9
  7645 | D:7      | Reached * piety under Qazlal
  7988 | D:7      | Found a bloodstained altar of Trog.
  8151 | D:7      | Found Hudi's Antique Weapon Boutique.
  8246 | D:7      | Lost mutation: You have supernaturally acute eyesight.
                  | (SInv) [potion of mutation]
  8246 | D:7      | Lost mutation: You are agile. (Dex +4, Str/Int -1) [potion
                  | of mutation]
  8246 | D:7      | Gained mutation: You have a pair of small horns on your
                  | head. [potion of mutation]
  8246 | D:7      | Gained mutation: Your magical capacity is low. (-10% MP)
                  | [potion of mutation]
  8246 | D:7      | Gained mutation: You passively map a small area around you.
                  | [potion of mutation]
  8527 | D:7      | Found a hazy altar of Hepliaklqana.
  8530 | D:7      | Found a shimmering blue altar of Sif Muna.
  8549 | D:7      | Lost mutation: You have a pair of small horns on your head.
                  | [potion of mutation]
  8549 | D:7      | Lost mutation: Your magical capacity is low. (-10% MP)
                  | [potion of mutation]
  8549 | D:7      | Lost mutation: You possess an exceptional clarity of mind.
                  | [potion of mutation]
  8549 | D:7      | Gained mutation: You have hidden genetic potential. [potion
                  | of mutation]
  9140 | D:8      | Slain by a very large slime creature

Illustrated notes

Levels and vault maps discovered:
D:1:      lemuel_arrival_funnel, layout_basic, minmay_gold_behind_fungi
D:2:      layout_basic, grunt_decor_cap
D:3:      layout_basic, basic_ecumenical_altar, uniq_natasha
D:4:      wad_lake_hut, layout_rooms, mainiacjoe_overflow_swirl,
          minmay_temple_entry_overgrown, chequers_avenue,
          nicolae_shop_distant_corner_stores,
          nicolae_concentric_dashed_squares_wild,
          nicolae_shop_overcharged_wands, uniq_sigmund
D:5:      layout_basic, amcnicky_altar_gilded, ebering_ghost_inner_flame,
          nicolae_figureground_sparkle, uniq_duvessa
D:6:      layout_layer_cave
D:7:      layout_loops_ring, trog_hazing_becter,
          minmay_overflow_temple_star_quad, serial_shops, shop,
          chequers_serial_rivers_marsh, minmay_misc_feat_encased,
          kennysheep_small_spiral, chequers_serial_rivers_small_3
D:8:      cheibrodos_fertilizer, layout_basic, nzn_wu_jian_council_hall,
          nicolae_dithmenos_the_darkroom, serial_shops, nicolae_stop_n_shop_1,
          serial_bayou_pond_c, minmay_tree_intersection, uniq_amaemon
Temple:   hellmonk_temple_forest_ring

Skill      XL: |  1  2  3  4  5  6  7  8  9 |
---------------+----------------------------+-----
Dodging        | 1 2 3 4 5 6 7 |  7.1
Armour         | 3 4 5 6 7 |  7.0
Shields        | 3 4 6 |  6.2
Fighting       | 4 5 |  5.7
Invocations    | 3 |  3.9
Axes           | |  1.7

Action                     |  1- 3 |  4- 6 |  7- 9 || total
---------------------------+-------+-------+-------++-------
  Melee: War axe           |   134 |   130 |   294 ||   558
         Tailslap          |     8 |    16 |    39 ||    63
         Headbutt          |       |       |     1 ||     1
    Use: Scroll            |     5 |     4 |     1 ||    10
         Potion            |     3 |       |     5 ||     8
 Armour: Scale mail        |    77 |    63 |       ||   140
         Plate armour      |       |    21 |   210 ||   231
  Dodge: Dodged            |    88 |   107 |   236 ||   431
  Block: Buckler           |    47 |    39 |   137 ||   223
